[Event "Titled Tuesday Blitz October 18 Late 2022"]
[White "Clawitter, Craig"]
[Black "Jimenez Almeida, Luis David"]
[WhiteFideId "2023105"]
[BlackFideId "22242244"]
[WhiteElo "2206"]
[BlackElo "2158"]
[Result "0-1"]
[Round "04"]
[TimeControl "180+1"]
[Date "2022.10.19"]
[WhiteClock "0:00:04"]
[BlackClock "0:00:08"]

1. e4 g6 2. d4 Bg7 3. Nc3 d6 4. Be3 Nd7 5. Nf3 a6 6. Qd2 b5 7. Bd3 e6 8. a4 b4 9. Ne2 Rb8 10. O-O Ne7 11. Bh6 O-O 12. a5 c5 13. Rfd1 Bb7 14. Bxg7 Kxg7 15. Ng3 h6 16. h4 Qc7 17. c3 bxc3 18. Qxc3 Kh7 19. Rac1 Rfc8 20. h5 Qd8 21. hxg6+ Nxg6 22. Nh5 Nf6 23. Nxf6+ Qxf6 24. e5 Qf4 25. exd6 Bxf3 26. gxf3 cxd4 27. Qxc8 Rxc8 28. Rxc8 Qxd6 29. Rdc1 Kg7 30. R1c7 Nf4 31. Bf1 Qe5 32. Rd7 Qg5+ 33. Kh2 Qh5+ 34. Kg1 d3 35. Rcc7 Qg5+ 36. Kh2 Qh4+ 37. Kg1 Qg5+ 38. Kh2 Qh5+ 39. Kg1 Qg6+ 40. Kh2 h5 41. Rxf7+ Qxf7 42. Rxf7+ Kxf7 43. Kg3 e5 44. Bxd3 Nxd3 45. Kh4 Kg6 46. Kg3 Nxb2 47. f4 e4 48. f3 e3 49. Kg2 Nc4 50. Kf1 Kf5 51. Ke2 Kxf4 52. Kd3 Kxf3 53. Kxc4 e2 54. Kd4 e1=Q 0-1


[Site "https://www.chess.com"]

[Event "Titled Tuesday Blitz October 18 Late 2022"]
[White "Cosoi Scherzer, Alejandro"]
[Black "De Souza, Cristiano Gomes"]
[WhiteFideId "3401430"]
[BlackFideId "2151758"]
[WhiteElo "1967"]
[BlackElo "2068"]
[Result "1-0"]
[Round "04"]
[TimeControl "180+1"]
[Date "2022.10.19"]
[WhiteClock "0:00:17"]
[BlackClock "0:00:16"]

1. e4 c5 2. Nf3 d6 3. d4 cxd4 4. Nxd4 Nf6 5. Nc3 a6 6. Be3 e5 7. Nb3 Be6 8. f3 Nbd7 9. Qd2 b5 10. O-O-O b4 11. Nd5 Nxd5 12. exd5 Bf5 13. Qxb4 a5 14. Qa4 Be7 15. Kb1 O-O 16. Bd3 Bxd3 17. Rxd3 f5 18. f4 e4 19. Rd2 Nf6 20. h3 Qc7 21. Nd4 Qb7 22. Nc6 Rfc8 23. Qb3 Qxb3 24. Nxe7+ Kf7 25. axb3 Kxe7 26. c4 Rab8 27. Kc2 Rb4 28. Ra1 Rcb8 29. Ra3 a4 30. Bd4 axb3+ 31. Kc3 R4b7 32. Bxf6+ Kxf6 33. g4 Rc7 34. Rxb3 Rbc8 35. g5+ Ke7 36. Rb4 Rc5 37. b3 R8c7 38. h4 e3 39. Rd3 e2 40. Re3+ Kf7 41. Rxe2 Rxd5 42. Rb7 Rxb7 43. cxd5 Rc7+ 44. Kd4 Rc1 45. Rb2 Rd1+ 46. Kc4 Rc1+ 47. Kb5 Rc5+ 48. Kb6 Rxd5 49. b4 Ke6 50. b5 Kd7 51. Kb7 Rd1 52. b6 d5 53. Kb8 d4 54. b7 Ra1 55. Rd2 Ra4 56. h5 g6 57. h6 Rb4 58. Ka8 Ra4+ 59. Kb8 Rb4 60. Ka7 Ra4+ 61. Kb6 Ra1 62. Rxd4+ Ke6 63. Rb4 Kd5 64. b8=Q 1-0


[Site "https://www.chess.com"]

[Event "Titled Tuesday Blitz October 18 Late 2022"]
[White "Cruz, William Ferreira Da"]
[Black "Mazurkiewicz, Michal"]
[WhiteFideId "2118050"]
[BlackFideId "1124943"]
[WhiteElo "2223"]
[BlackElo "2063"]
[Result "1-0"]
[Round "04"]
[TimeControl "180+1"]
[Date "2022.10.19"]
[WhiteClock "0:01:26"]
[BlackClock "0:00:07"]

1. d4 Nf6 2. c4 e5 3. dxe5 Ng4 4. Nf3 Bc5 5. e3 Nc6 6. Be2 O-O 7. O-O Re8 8. Nbd2 a5 9. b3 Ncxe5 10. Bb2 Ra6 11. h3 Nxf3+ 12. Nxf3 Nf6 13. Ne5 Rae6 14. Nd3 Ba7 15. Nf4 Rd6 16. Qc2 Ne4 17. Bd3 f5 18. Bxe4 Rxe4 19. a3 Rh6 20. c5 d6 21. Qc3 Qg5 22. b4 dxc5 23. bxc5 c6 24. Rad1 Bb8 25. Rd8+ Qxd8 26. Qxg7# 1-0


[Site "https://www.chess.com"]

[Event "Titled Tuesday Blitz October 18 Late 2022"]
[White "Czernek, Tymon"]
[Black "Ozates, Tuna"]
[WhiteFideId "1199510"]
[BlackFideId "6354521"]
[WhiteElo "2240"]
[BlackElo "2151"]
[Result "0-1"]
[Round "04"]
[TimeControl "180+1"]
[Date "2022.10.19"]
[WhiteClock "0:01:05"]
[BlackClock "0:01:57"]

1. e4 c5 2. Nf3 Nc6 3. d4 cxd4 4. Nxd4 e5 5. Nb5 d6 6. c4 Be7 7. N1c3 a6 8. Na3 f5 9. Bd3 f4 10. Nd5 Nh6 11. Bd2 O-O 12. Bc3 Bh4 13. Qb3 Ng4 14. g3 Nxf2 15. Kxf2 fxg3+ 16. Kg1 g2 17. Bd2 Nd4 18. Qd1 Bh3 0-1


[Site "https://www.chess.com"]

[Event "Titled Tuesday Blitz October 18 Late 2022"]
[White "D`Arruda, Ricardo D."]
[Black "Girsh, Daniel"]
[WhiteFideId "100692"]
[BlackFideId "30949190"]
[WhiteElo "2397"]
[BlackElo "2075"]
[Result "0-1"]
[Round "04"]
[TimeControl "180+1"]
[Date "2022.10.19"]
[WhiteClock "0:00:54"]
[BlackClock "0:02:29"]

1. c4 e6 2. d4 d5 3. Nf3 Nf6 4. Nc3 Bb4 5. e3 O-O 6. Bd3 c5 7. O-O Nc6 8. a3 Bxc3 9. bxc3 dxc4 10. Bxc4 Qc7 11. Qe2 e5 12. d5 Na5 13. Ba2 e4 14. Nd2 Re8 15. c4 Ng4 16. g3 Bf5 17. Bb2 Ne5 18. Bc3 b6 19. Rab1 Nb7 20. Bb3 Qd7 21. Bc2 Bg4 22. Qe1 Nf3+ 23. Nxf3 Bxf3 0-1


[Site "https://www.chess.com"]

[Event "Titled Tuesday Blitz October 18 Late 2022"]
[White "Daeschler, Florian"]
[Black "Souleidis, Georgios"]
[WhiteFideId "20678193"]
[BlackFideId "4206827"]
[WhiteElo "2187"]
[BlackElo "2401"]
[Result "1-0"]
[Round "04"]
[TimeControl "180+1"]
[Date "2022.10.19"]
[WhiteClock "0:01:44"]
[BlackClock "0:00:02"]

1. e4 c5 2. Nc3 e6 3. Nf3 Nc6 4. Bb5 Nge7 5. O-O a6 6. Bxc6 Nxc6 7. d4 cxd4 8. Nxd4 Qc7 9. Kh1 Be7 10. Nxc6 Qxc6 11. Qg4 O-O 12. Bh6 Bf6 13. Rae1 Kh8 14. Bd2 d6 15. f4 b5 16. e5 Be7 17. Ne4 Bb7 18. exd6 Bxd6 19. Nxd6 Qxd6 20. Bc3 Rg8 21. f5 exf5 22. Rxf5 f6 23. Rh5 h6 24. Qg6 Qd7 25. Bxf6 Bxg2+ 26. Qxg2 1-0


[Site "https://www.chess.com"]

[Event "Titled Tuesday Blitz October 18 Late 2022"]
[White "De La Colina, Nicolas"]
[Black "Reprintsev, Alexander"]
[WhiteFideId "30946921"]
[BlackFideId "14100541"]
[WhiteElo "2046"]
[BlackElo "2230"]
[Result "1-0"]
[Round "04"]
[TimeControl "180+1"]
[Date "2022.10.19"]
[WhiteClock "0:00:08"]
[BlackClock "0:00:04"]

1. e4 d5 2. exd5 Qxd5 3. Nf3 Bg4 4. Be2 Nc6 5. d4 O-O-O 6. Be3 e5 7. c4 Qa5+ 8. Bd2 Bb4 9. d5 Bxf3 10. Bxf3 Nd4 11. Be2 Nf6 12. O-O Bxd2 13. Nxd2 Rhe8 14. a3 c5 15. b4 Qc7 16. Re1 Kb8 17. Bd3 Nd7 18. Rb1 g6 19. Bf1 f5 20. b5 e4 21. a4 Qa5 22. Ra1 Ne5 23. Nb3 Nxb3 24. Qxb3 h5 25. h3 h4 26. Qe3 g5 27. Kh1 g4 28. Qf4 gxh3 29. gxh3 Ka8 30. Qxf5 Qc3 31. Rac1 Qf3+ 32. Qxf3 Nxf3 33. Re3 Nd4 34. Bg2 Rf8 35. Kg1 Rde8 36. Kf1 Rf4 37. Kg1 Rg8 38. Kh1 Rxf2 39. Bxe4 Re8 40. Rce1 Rff8 41. d6 Kb8 42. d7 Rd8 43. Bd5 Kc7 44. Re7 Rxd7 45. Rxd7+ Kxd7 46. Bxb7 Rf2 47. Bd5 Ra2 48. Rg1 Rxa4 49. Rg7+ Kd6 50. Rh7 Nf5 51. Rh5 Ke5 52. Rh8 Kf4 53. Be6 Nd4 54. Bg4 Kg3 55. Bd1 Ra1 56. Rg8+ Kxh3 57. Rg1 Nf3 58. Bxf3 Rxg1+ 59. Kxg1 Kg3 60. Bd5 Kf4 61. Kh1 Ke3 62. Kh2 Kd4 63. Kh3 Kc3 64. Kxh4 1-0


[Site "https://www.chess.com"]

[Event "Titled Tuesday Blitz October 18 Late 2022"]
[White "Deac, Bogdan-Daniel"]
[Black "Li, Ruifeng"]
[WhiteFideId "1226380"]
[BlackFideId "2061074"]
[WhiteElo "2648"]
[BlackElo "2441"]
[Result "0-1"]
[Round "04"]
[TimeControl "180+1"]
[Date "2022.10.18"]
[WhiteClock "0:00:01"]
[BlackClock "0:00:22"]

1. e4 d6 2. d4 Nf6 3. Nc3 Nc6 4. Nf3 g6 5. d5 Nb8 6. h3 Bg7 7. Bc4 O-O 8. O-O c6 9. a4 b6 10. Qe2 Bb7 11. Rd1 Qc8 12. a5 bxa5 13. Rxa5 Nbd7 14. Be3 Nb6 15. dxc6 Bxc6 16. Bd3 Qb7 17. e5 Nfd5 18. Nxd5 Nxd5 19. Ba6 Qxb2 20. Raxd5 Bxd5 21. Rxd5 dxe5 22. Rd1 Rfd8 23. Rf1 h6 24. Qc4 e6 25. Qa4 Kh7 26. g3 f5 27. Bc4 e4 28. Nh4 Qf6 29. Rb1 e5 30. Rb7 f4 31. Rf7 Qg5 32. Bc5 e3 0-1


[Site "https://www.chess.com"]

[Event "Titled Tuesday Blitz October 18 Late 2022"]
[White "Djokic, Mihailo"]
[Black "Maksimovic, Bojan"]
[WhiteFideId "976440"]
[BlackFideId "14408120"]
[WhiteElo "2315"]
[BlackElo "2447"]
[Result "0-1"]
[Round "04"]
[TimeControl "180+1"]
[Date "2022.10.18"]
[WhiteClock "0:01:04"]
[BlackClock "0:00:32"]

1. e4 g6 2. d4 Bg7 3. Be3 d6 4. Nc3 a6 5. Qd2 b5 6. a4 b4 7. Nce2 a5 8. Ng3 h5 9. h3 h4 10. N3e2 Nf6 11. f3 Nh5 12. Nc3 bxc3 13. bxc3 Ng3 14. Rh2 Nxf1 15. Kxf1 Ba6+ 16. Kf2 Nd7 17. f4 Nf6 18. Kf3 d5 19. e5 Ne4 20. Qc1 Rb8 21. Qa3 Qd7 22. Ne2 Qf5 23. Bg1 Qh5+ 24. g4 hxg3+ 0-1


[Site "https://www.chess.com"]

[Event "Titled Tuesday Blitz October 18 Late 2022"]
[White "Domingo Nunez, Ruben"]
[Black "Besedes, Danilo"]
[WhiteFideId "22245570"]
[BlackFideId "946796"]
[WhiteElo "2406"]
[BlackElo "2352"]
[Result "0-1"]
[Round "04"]
[TimeControl "180+1"]
[Date "2022.10.19"]
[WhiteClock "0:00:01"]
[BlackClock "0:00:27"]

1. c4 e6 2. g3 Nf6 3. Bg2 d5 4. Nf3 Be7 5. O-O O-O 6. b3 a5 7. Nc3 c6 8. e3 Nbd7 9. Qe2 b6 10. Bb2 Ba6 11. Rfd1 b5 12. cxb5 cxb5 13. Nxb5 Rb8 14. a4 Qb6 15. Bf1 Ne4 16. Rdc1 Ndc5 17. Be5 Nxb3 18. Bxb8 Rxb8 19. Ne5 Nxc1 20. Rxc1 Rc8 21. Qd1 f6 22. Rxc8+ Bxc8 23. Nf3 Bd7 24. Nfd4 Bb4 25. d3 Nc5 26. Qc2 e5 27. Nf3 Nxa4 28. Nc7 Nc3 29. Na8 Qb7 30. d4 e4 31. Nd2 Qxa8 0-1


[Site "https://www.chess.com"]

[Event "Titled Tuesday Blitz October 18 Late 2022"]
[White "Dzierzak, Radoslaw"]
[Black "Curtis, John"]
[WhiteFideId "1161407"]
[BlackFideId "3200256"]
[WhiteElo "2111"]
[BlackElo "2203"]
[Result "1-0"]
[Round "04"]
[TimeControl "180+1"]
[Date "2022.10.19"]
[WhiteClock "0:00:33"]
[BlackClock "0:00:05"]

1. e4 e5 2. Nf3 Nc6 3. Bc4 Nf6 4. d3 Bc5 5. O-O d6 6. c3 Bb6 7. Nbd2 O-O 8. Bb3 Be6 9. Nc4 h6 10. a4 Bxc4 11. Bxc4 a6 12. b4 Re8 13. Qb3 Qd7 14. h3 Nd8 15. a5 Ba7 16. Be3 c6 17. Bxa7 Rxa7 18. Qc2 Ne6 19. Rae1 Nf4 20. Kh2 g6 21. Bb3 Kg7 22. d4 g5 23. dxe5 dxe5 24. Rd1 Qe7 25. g3 Ng6 26. Rfe1 Raa8 27. Nd2 Rad8 28. Nf1 Rxd1 29. Rxd1 Qc7 30. Ne3 Ne7 31. Ba2 Rd8 32. Qb3 Ned5 33. exd5 Nxd5 34. Nxd5 cxd5 35. Rxd5 Rxd5 36. Qxd5 Qxc3 37. Qxf7+ Kh8 38. Qg8# 1-0


[Site "https://www.chess.com"]

[Event "Titled Tuesday Blitz October 18 Late 2022"]
[White "Ekdyshman, Mikhail"]
[Black "Barria Zuniga, Daniel"]
[WhiteFideId "4149416"]
[BlackFideId "3400816"]
[WhiteElo "2164"]
[BlackElo "2414"]
[Result "0-1"]
[Round "04"]
[TimeControl "180+1"]
[Date "2022.10.19"]
[WhiteClock "0:00:03"]
[BlackClock "0:00:08"]

1. c4 g6 2. Nc3 Bg7 3. g3 e6 4. Bg2 Ne7 5. e4 c6 6. c5 b6 7. d4 bxc5 8. dxc5 Qa5 9. Be3 Na6 10. Bd4 e5 11. Be3 Nxc5 12. Ne2 Ba6 13. O-O Nd3 14. Qd2 O-O 15. Bg5 f6 16. Be3 Rfb8 17. Rfd1 Rxb2 18. Nd5 Rxd2 19. Nxe7+ Kf7 20. Bxd2 Qc5 21. Be3 Qxe7 22. Nc3 Rb8 23. Bf1 Nb4 24. Bh3 d5 25. exd5 cxd5 26. a3 Nd3 27. Nxd5 Qf8 28. Bf1 e4 29. f3 f5 30. Ra2 Kg8 31. Rad2 Qxa3 32. fxe4 fxe4 33. Bxa7 Rb7 34. Be3 Bc4 35. Nf4 Rd7 36. Ng2 h6 37. h3 Qc3 38. Kh2 Kh7 39. Bg1 g5 40. Ne3 Bb5 41. Nf5 Qc7 42. Nxg7 Kxg7 43. Bg2 Qe5 44. Re2 Qf5 45. Bxe4 Qf6 46. Red2 Ne5 47. Rxd7+ Bxd7 48. Bd4 Bf5 49. Rf1 Ng4+ 50. hxg4 Qxd4 51. Bxf5 Qd2+ 52. Kg1 Kf6 53. Rf2 Qe3 54. Kg2 Ke5 55. Rf3 Qe1 56. Rf2 Kd4 57. Rf3 Qe2+ 58. Rf2 Qe3 59. Rf3 Qe2+ 60. Rf2 Qa6 61. Rd2+ Ke3 62. Rc2 Qb7+ 63. Kh3 Qh1+ 64. Rh2 Qf1+ 65. Rg2 Kf3 66. Be4+ Kxe4 67. Kh2 Kf3 68. Rd2 Qf2+ 69. Rxf2+ Kxf2 70. Kh3 Kf3 71. Kh2 Kxg4 72. Kg2 h5 73. Kh2 Kf3 74. Kh3 g4+ 75. Kh4 Kf2 76. Kxh5 Kxg3 0-1


[Site "https://www.chess.com"]

[Event "Titled Tuesday Blitz October 18 Late 2022"]
[White "Eljanov, Pavel"]
[Black "Mikhailov, Viacheslav"]
[WhiteFideId "14102951"]
[BlackFideId "4187369"]
[WhiteElo "2601"]
[BlackElo "2381"]
[Result "0-1"]
[Round "04"]
[TimeControl "180+1"]
[Date "2022.10.18"]
[WhiteClock "0:00:05"]
[BlackClock "0:00:05"]

1. c4 Nf6 2. g3 g6 3. Bg2 Bg7 4. Nc3 O-O 5. e4 d6 6. Nge2 e5 7. O-O Nc6 8. d3 a6 9. h3 Rb8 10. Be3 b5 11. Qd2 b4 12. Nd5 Nxd5 13. cxd5 Nd4 14. Nxd4 exd4 15. Bh6 a5 16. Bxg7 Kxg7 17. Rac1 Ba6 18. f4 Qd7 19. Qf2 Kg8 20. Qxd4 Qa4 21. Rxc7 Qxa2 22. Rc6 Bb5 23. Rxd6 a4 24. f5 a3 25. bxa3 bxa3 26. e5 Qb2 27. Qf4 Bxd3 28. Rf2 a2 29. Rxb2 a1=Q+ 30. Kh2 Rxb2 31. fxg6 fxg6 32. Rf6 Rxf6 33. Qxf6 Qf1 34. Qd8+ Kg7 35. Qc7+ Qf7 36. Qc1 Qf2 37. Qc7+ Kh6 38. Qc1+ g5 39. Qc6+ Bg6 40. d6 Rb3 41. Qc1 Qxg3+ 42. Kh1 Re3 0-1


[Site "https://www.chess.com"]

[Event "Titled Tuesday Blitz October 18 Late 2022"]
[White "Fajdetic, Hrvoje"]
[Black "Poltorak, Sebastian"]
[WhiteFideId "14501945"]
[BlackFideId "1199498"]
[WhiteElo "2172"]
[BlackElo "2232"]
[Result "1-0"]
[Round "04"]
[TimeControl "180+1"]
[Date "2022.10.19"]
[WhiteClock "0:00:13"]
[BlackClock "0:00:03"]

1. d4 Nf6 2. Bf4 b6 3. Nc3 Bb7 4. Qd3 d5 5. Qh3 e6 6. e3 c5 7. Nb5 Na6 8. c3 Rc8 9. Nxa7 Ra8 10. Bb5+ Nd7 11. Nc6 Qc8 12. Ne5 Nb8 13. Ngf3 Nc6 14. Nxd7 Qxd7 15. Ne5 Qc8 16. O-O g6 17. Bh6 Bd6 18. Bg7 Rg8 19. Qxh7 Ke7 20. Nxf7 Qb8 21. Bxc6 Bxh2+ 22. Kh1 Bxc6 23. Ne5 Kd6 24. Kxh2 Ra7 25. Kg1 Raxg7 26. Qh2 Bb5 27. c4 Ba6 28. dxc5+ Kxc5 29. Rfc1 Rh8 30. Qg3 Rgh7 31. f3 Rh1+ 32. Kf2 Rxc1 33. Rxc1 Bxc4 34. b3 b5 35. bxc4 bxc4 36. Nd7+ 1-0


[Site "https://www.chess.com"]

[Event "Titled Tuesday Blitz October 18 Late 2022"]
[White "Fedoseev, Vladimir"]
[Black "Gorodetzky, David"]
[WhiteFideId "24130737"]
[BlackFideId "2813416"]
[WhiteElo "2726"]
[BlackElo "2487"]
[Result "0-1"]
[Round "04"]
[TimeControl "180+1"]
[Date "2022.10.18"]
[WhiteClock "0:00:05"]
[BlackClock "0:00:21"]

1. d4 Nf6 2. c4 e6 3. Nc3 Bb4 4. e3 O-O 5. Bd2 b6 6. Nge2 Bb7 7. a3 Be7 8. Ng3 c5 9. d5 d6 10. e4 Re8 11. Be2 Nbd7 12. O-O Bf8 13. f4 a6 14. a4 g6 15. e5 dxe5 16. fxe5 Nxe5 17. Bg5 Ned7 18. Nge4 Bg7 19. Nd6 Qc7 20. Bf4 Rf8 21. dxe6 fxe6 22. Nxb7 e5 23. Bg5 Qxb7 24. Qd6 Rae8 25. Rad1 e4 26. h3 e3 27. Bf3 Qc8 28. Nd5 e2 29. Bxe2 Rxe2 30. Bxf6 Nxf6 31. Nxf6+ Kh8 32. b3 Re6 0-1


[Site "https://www.chess.com"]

[Event "Titled Tuesday Blitz October 18 Late 2022"]
[White "Ferreira, Vitor Hugo Vieira"]
[Black "Sabar, Ethmane Daouda"]
[WhiteFideId "2119765"]
[BlackFideId "19600097"]
[WhiteElo "2168"]
[BlackElo "1950"]
[Result "1-0"]
[Round "04"]
[TimeControl "180+1"]
[Date "2022.10.19"]
[WhiteClock "0:00:37"]
[BlackClock "0:00:19"]

1. e4 c5 2. Nf3 Nc6 3. d4 cxd4 4. Nxd4 e5 5. Nb5 a6 6. N5c3 Bc5 7. Nd5 d6 8. Nbc3 h6 9. Be3 Bxe3 10. Nxe3 Nf6 11. Nc4 Ke7 12. a4 b6 13. Be2 Rb8 14. O-O Re8 15. f4 b5 16. axb5 axb5 17. Ne3 Nd4 18. Bd3 Kf8 19. fxe5 dxe5 20. Ned5 Nxd5 21. Nxd5 Qg5 22. Ra7 f6 23. Qe1 Bh3 24. Rf2 Nf3+ 25. Kf1 Nxe1 26. Kxe1 Bxg2 27. Ke2 Bh3 28. Ne3 Bg4+ 29. Kd2 Bh5 30. Rg2 Qf4 31. Ra1 Rbc8 32. Rf1 Qh4 33. Nf5 Qh3 34. Rxg7 Qxh2+ 35. Kc1 Red8 36. Rfg1 Rxd3 37. Rg8+ Kf7 38. R1g7+ Ke6 39. Re7# 1-0


[Site "https://www.chess.com"]

[Event "Titled Tuesday Blitz October 18 Late 2022"]
[White "Gabrielian, Artur"]
[Black "Rosen, Eric"]
[WhiteFideId "4131002"]
[BlackFideId "2032562"]
[WhiteElo "2432"]
[BlackElo "2362"]
[Result "1/2-1/2"]
[Round "04"]
[TimeControl "180+1"]
[Date "2022.10.18"]
[WhiteClock "0:00:07"]
[BlackClock "0:00:25"]

1. e4 c5 2. Nf3 d6 3. d4 Nf6 4. Nc3 cxd4 5. Nxd4 g6 6. Be3 Bg7 7. f3 a6 8. Qd2 h5 9. Bc4 b5 10. Bb3 Bb7 11. O-O Nbd7 12. a4 bxa4 13. Nxa4 O-O 14. Rfd1 Qc7 15. c4 Nc5 16. Bc2 Nxa4 17. Rxa4 Nd7 18. b3 Rfe8 19. Ra5 e6 20. Ne2 d5 21. Ra2 Rad8 22. exd5 exd5 23. c5 Nxc5 24. Bd4 Ne6 25. Bxg7 Kxg7 26. Nd4 Qe5 27. b4 Nf4 28. Bb3 Qg5 29. g3 Nh3+ 30. Kg2 Qxd2+ 31. Raxd2 Ng5 32. Ba4 Re3 33. Bc6 Bxc6 34. Nxc6 Rd6 35. Nd4 Rb6 36. Kf2 Ra3 37. Nc2 Rxf3+ 38. Kg2 Rc3 39. Re2 Rbc6 40. Rdd2 Ne6 41. Nd4 Nxd4 42. Rxd4 R3c4 43. Rxd5 Rxb4 44. Rd7 Rf6 45. Ra7 Ra4 46. Rd2 Ra1 47. h4 a5 48. Rd5 Rf5 49. Rxf5 gxf5 50. Kf3 Kg6 51. Kf4 Ra4+ 52. Kf3 Ra3+ 53. Kf4 Ra4+ 54. Kf3 Kf6 55. Ra8 Ke5 56. Re8+ Kf6 57. Ra8 Kg7 58. Ra6 Ra1 59. Kf4 Ra3 60. Kxf5 Rxg3 61. Rxa5 Rg4 62. Rb5 Rxh4 63. Kg5 Rg4+ 64. Kxh5 Rg1 65. Rg5+ Rxg5+ 66. Kxg5 Kf8 67. Kf6 Ke8 68. Kf5 Ke7 69. Ke5 Kf8 70. Kf6 Kg8 71. Kf5 Kg7 72. Kg5 f6+ 73. Kf5 Kf7 74. Kf4 Kg6 75. Kg4 Kg7 76. Kf5 Kf7 77. Kf4 Kg6 78. Kg4 f5+ 79. Kf4 Kf6 80. Kf3 Ke5 81. Ke3 f4+ 82. Kf3 Kf5 83. Kf2 Ke4 84. Ke2 f3+ 85. Kf2 Kf4 86. Kf1 Kg3 87. Kg1 Kh3 88. Kf2 Kg4 89. Kf1 Kf4 90. Kf2 Ke4 91. Kf1 Kd3 92. Kf2 Ke4 93. Kf1 Ke3 94. Ke1 f2+ 95. Kf1 Kf3 1/2-1/2


[Site "https://www.chess.com"]

[Event "Titled Tuesday Blitz October 18 Late 2022"]
[White "Galaktionov, Artem"]
[Black "Jaracz, Pawel"]
[WhiteFideId "24175471"]
[BlackFideId "1102222"]
[WhiteElo "2278"]
[BlackElo "2459"]
[Result "1-0"]
[Round "04"]
[TimeControl "180+1"]
[Date "2022.10.18"]
[WhiteClock "0:01:36"]
[BlackClock "0:00:09"]

1. d4 Nf6 2. Nf3 e6 3. c4 Bb4+ 4. Nbd2 d5 5. a3 Be7 6. e3 O-O 7. b4 a5 8. b5 c5 9. bxc6 bxc6 10. c5 Nbd7 11. Qa4 Qc7 12. Be2 e5 13. O-O e4 14. Ne1 Ba6 15. Bxa6 Rxa6 16. h3 Nh5 17. f4 exf3 18. Rxf3 f5 19. Nd3 Raa8 20. Nf1 g6 21. Bd2 Nhf6 22. Be1 Ne4 23. Nf4 Ng5 24. Rf2 Rf6 25. Rb1 Ne4 26. Rfb2 Ra7 27. Ng3 Ng5 28. Rb6 Nxc5 29. dxc5 Bxc5 30. R6b3 Ne4 31. Nxe4 fxe4 32. Ne2 Qf7 33. Bg3 g5 34. Rc1 Bd6 35. Rxc6 Bxg3 36. Nxg3 Rxc6 37. Qxc6 Rc7 38. Rb8+ Kg7 39. Qd6 Rc1+ 40. Kh2 1-0


[Site "https://www.chess.com"]

[Event "Titled Tuesday Blitz October 18 Late 2022"]
[White "Gasparyan, David"]
[Black "Fernandez Hernandez, Gerardo"]
[WhiteFideId "13311980"]
[BlackFideId "2207400"]
[WhiteElo "2360"]
[BlackElo "2191"]
[Result "1-0"]
[Round "04"]
[TimeControl "180+1"]
[Date "2022.10.19"]
[WhiteClock "0:01:15"]
[BlackClock "0:00:01"]

1. d4 Nf6 2. Nf3 g6 3. e3 Bg7 4. Bd3 O-O 5. c3 d6 6. O-O Nbd7 7. Nbd2 e5 8. e4 c6 9. Re1 Qc7 10. Nf1 d5 11. Ng3 dxe4 12. Nxe4 Nxe4 13. Bxe4 f5 14. Bb1 e4 15. Qb3+ Kh8 16. Ng5 Nf6 17. a4 Nd5 18. c4 Ne7 19. d5 cxd5 20. cxd5 Qd6 21. Ba2 h6 22. Ne6 Bxe6 23. dxe6 b6 24. Rd1 Qe5 25. Bd2 Qxb2 26. Qxb2 Bxb2 27. Rab1 Bf6 28. Bxh6 Rfd8 29. Bf4 Kg7 30. Bc7 Rxd1+ 31. Rxd1 Rc8 32. Rd7 Kf8 33. g3 Ke8 34. Bc4 Bg5 35. Bb5 Kf8 36. Bd6 Bf6 37. Ba6 1-0


[Site "https://www.chess.com"]

[Event "Titled Tuesday Blitz October 18 Late 2022"]
[White "Georgiadis, Ioannis"]
[Black "Zierk, Steven"]
[WhiteFideId "4208900"]
[BlackFideId "2034255"]
[WhiteElo "2446"]
[BlackElo "2494"]
[Result "0-1"]
[Round "04"]
[TimeControl "180+1"]
[Date "2022.10.18"]
[WhiteClock "0:01:09"]
[BlackClock "0:01:15"]

1. e4 c6 2. d4 d5 3. exd5 cxd5 4. Bd3 Nc6 5. c3 Nf6 6. Bf4 Bg4 7. Qb3 Qd7 8. Ne2 Bxe2 9. Bxe2 e6 10. O-O Bd6 11. Be3 O-O 12. Nd2 a6 13. g3 b5 14. f4 b4 15. cxb4 Bxb4 16. Nf3 Ne4 17. Rac1 Rfb8 18. Qa4 Ne5 19. Qxd7 Nxd7 20. Rc2 a5 21. Rfc1 Bd6 22. Bd3 f5 23. a4 Rb3 24. Ne1 Bb4 25. Bxe4 Rxe3 26. Nd3 Rxe4 27. Nxb4 axb4 28. Rc8+ Rxc8 29. Rxc8+ Kf7 30. a5 Rxd4 31. a6 Rd1+ 32. Kf2 Ra1 33. Rc7 Ke7 34. a7 Kd6 35. Rb7 Kc6 0-1


[Site "https://www.chess.com"]

[Event "Titled Tuesday Blitz October 18 Late 2022"]
[White "Goncalves, Davi Sulzbacher"]
[Black "Machidon, Cristi"]
[WhiteFideId "2154510"]
[BlackFideId "13904590"]
[WhiteElo "2182"]
[BlackElo "2312"]
[Result "1-0"]
[Round "04"]
[TimeControl "180+1"]
[Date "2022.10.19"]
[WhiteClock "0:00:14"]
[BlackClock "0:00:02"]

1. Nf3 Nf6 2. g3 g6 3. Bg2 Bg7 4. c4 O-O 5. d4 c5 6. d5 b5 7. cxb5 a6 8. b6 d6 9. a4 Qxb6 10. a5 Qb4+ 11. Nfd2 Bd7 12. O-O Bb5 13. Nc3 Nbd7 14. h3 c4 15. Re1 Nc5 16. Ra3 Bd7 17. Na2 Qb5 18. Qc2 Rfc8 19. Qxc4 Qb7 20. Nb4 Bb5 21. Qh4 Ncd7 22. Nc6 Rxc6 23. dxc6 Bxc6 24. Rb3 Qc7 25. Qc4 d5 26. Qc2 Rc8 27. Rb4 e5 28. Nb3 Bf8 29. Rh4 h5 30. Bg5 Ba4 31. Qxc7 Rxc7 32. Rxa4 Rb7 33. Nc1 Rxb2 34. Nd3 Rb5 35. Nxe5 Nxe5 36. Bxf6 Nc4 37. Bc3 Bc5 38. Bxd5 1-0


[Site "https://www.chess.com"]

[Event "Titled Tuesday Blitz October 18 Late 2022"]
[White "Gonzalez Vega, Alejandro"]
[Black "Quispe Santacruz, Javier"]
[WhiteFideId "3510042"]
[BlackFideId "3800920"]
[WhiteElo "2256"]
[BlackElo "1930"]
[Result "1-0"]
[Round "04"]
[TimeControl "180+1"]
[Date "2022.10.19"]
[WhiteClock "0:00:17"]
[BlackClock "0:00:29"]

1. e4 e5 2. Nf3 Nc6 3. d4 exd4 4. Bc4 Bc5 5. c3 Nf6 6. e5 d5 7. Bb5 Ne4 8. cxd4 Bb6 9. h3 O-O 10. O-O Ne7 11. Nc3 Bf5 12. Be3 c6 13. Bd3 f6 14. Qc2 fxe5 15. Nxe5 Nxc3 16. bxc3 Bxd3 17. Qxd3 Nf5 18. Bd2 Bc7 19. Rae1 Nd6 20. f4 Ne4 21. Bc1 Qh4 22. c4 Ng3 23. Rf2 dxc4 24. Qxc4+ Kh8 25. Nf7+ Rxf7 26. Qxf7 h6 27. Qxc7 Rd8 28. Qe7 Qxe7 29. Rxe7 Rxd4 30. Kh2 Rd3 31. Re3 Rxe3 32. Bxe3 Nf5 33. Bxa7 1-0


[Site "https://www.chess.com"]

[Event "Titled Tuesday Blitz October 18 Late 2022"]
[White "Goryachkina, Aleksandra"]
[Black "Drost, Peter"]
[WhiteFideId "4147103"]
[BlackFideId "1017896"]
[WhiteElo "2484"]
[BlackElo "2405"]
[Result "1-0"]
[Round "04"]
[TimeControl "180+1"]
[Date "2022.10.19"]
[WhiteClock "0:00:22"]
[BlackClock "0:00:01"]

1. e4 c5 2. Nf3 d6 3. Bb5+ Bd7 4. Bxd7+ Qxd7 5. O-O Nc6 6. c3 d5 7. d3 g6 8. Be3 d4 9. cxd4 Nxd4 10. Nxd4 cxd4 11. Bf4 Bg7 12. Nd2 e5 13. Bg3 Ne7 14. Nc4 Nc6 15. f4 exf4 16. Bxf4 O-O 17. Qf3 b5 18. Nd2 Rac8 19. Qg3 Nb4 20. Bd6 Nc2 21. Bxf8 Rxf8 22. Rac1 Ne3 23. Rf3 Qe6 24. h3 Qxa2 25. Nf1 Qxb2 26. Re1 a5 27. e5 a4 28. Nxe3 dxe3 29. Rfxe3 Qd4 30. Kh1 a3 31. Re4 Qc3 32. Qf2 Ra8 33. Qa2 b4 34. Qd5 Rc8 35. e6 fxe6 36. Rxe6 Kh8 37. Re8+ Bf8 38. Qf7 Qxe1+ 39. Rxe1 a2 40. Qxa2 Bd6 41. Qe6 1-0


[Site "https://www.chess.com"]